Unix NetHack Version 3.7.0-101 Work-in-progress - last build Mar 25 2024 11:18:41 (462964f8eaac915e699fc3a71b43428251fec12b,branch:master). Game began 2024-03-27 14:15:03, ended 2024-03-27 15:55:18. tromix, lawful male human Priest ------ ------- ---------- ------|.(!]| ----- -----.....----........| ..--- |...|.-.(((| ---...--- --..|...--......|.@.{..+ ....... |.).|.|.(((| --.......-----|...|....|--------u....| ....... --|--.---------.........--..|........|------ |.--|-| ...{....----.).............|...G.......|-...|...-|.(((| |.|...| .............-|---|-----%.- ..........-|....|-...-.(((| |.|...| ........|..--|..|..|--.....|-....|.....|..---...-|.((%| |.------- ---.. ...-|..| -...|..---...|.--..|...|....|------ |.......-- ...------ ...---... |.|------....--- -----------...| |......|...| ......... |.| --.......| |).(![(!*!|...| |....---...|.......-- |.| |...{....|--|.........|..-- |..........|..---.-- |.. --.......-|..--------|--..-- --- |....|.....|--- |.| |[----........--................| --.|. |..----...-- |.| |......---|-.....-.--........--|| ....... ---- |..- ---|--- +.-------..| .---|..|--+-..--|..| --.....- |..| |.....| --....| |..|...|-.|.-..| --..|... |.---------|..| |.._..| |>...(| --|---.--.----|| |.....- |.........--..| |.....| ------- |.............| |<..--- -----.......-- ------- --------------- ----- ----- Tromix the Adept St:10 Dx:12 Co:17 In:9 Wi:18 Ch:11 Lawful Dlvl:6 $:120 HP:0(68) Pw:80(80) AC:3 Xp:7 T:3647 Hungry Latest messages: You miss the pony. The pony misses! The pony bites! You already found a monster. Use 'm' prefix to force another search. You already found a monster. Use 'm' prefix to force another search. You already found a monster. Use 'm' prefix to force another search. You already found a monster. Use 'm' prefix to force another search. The pony kicks! The pony bites! The pony kicks! The pony bites! The pony just misses! The pony just misses! The pony kicks! The pony bites! The pony kicks! The pony bites! The pony kicks! The pony bites! The pony kicks! The pony misses! The pony kicks! The pony misses! The pony misses! The pony bites! The pony kicks! The pony bites! The pony misses! The pony bites! The pony kicks! The pony bites! The pony kicks! The pony bites! The pony misses! The pony bites! The pony kicks! The pony misses! The pony kicks! The pony bites! The pony kicks! The pony just misses! The pony kicks! The pony bites! The pony kicks! The pony bites! The pony kicks! The pony bites! The pony kicks! You die... Do you want your possessions identified? [ynq] (y) q Inventory: Coins $ - 120 gold pieces Weapons J - 9 +0 darts a - a blessed +1 mace (weapon in right hand) Armor z - a +0 orcish helm (being worn) c - a +0 small shield (being worn) b - a +0 robe (being worn) K - a +0 studded leather armor (being worn) Comestibles j - a clove of garlic n - 2 tripe rations Scrolls N - a scroll of food detection Potions L - a potion of see invisible Wands C - a wand of speed monster (0:3) Tools e - a lock pick i - a magic marker (0:19) Gems/Stones S - a sapphire Tromix the Priest's attributes: Background: You were an Adept, a level 7 human Priest. You were lawful, on a mission for Athena who was opposed by Hermes (neutral) and Poseidon (chaotic). You were right-handed. You were in the Gnomish Mines, on level 6. You entered the dungeon 3647 turns ago. You had 649 experience points, 631 more were needed to attain level 8. Basics: You had 0 out of 68 hit points. You had all 80 energy points (spell power). Your armor class was 3. Your wallet contained 120 zorkmids. Autopickup was off. Final Characteristics: Your strength was 10 (limit:18/100). Your dexterity was 12 (limit:18). Your constitution was 17 (limit:18). Your intelligence was 9 (limit:18). Your wisdom was 18 (limit:18). Your charisma was 11 (limit:18). Final Status: You were hungry. You were unencumbered. You were wielding a mace. You were skilled in mace. Final Attributes: You were piously aligned. You were guarded. You are dead. Miscellaneous: You disabled loading of bones levels. Total elapsed playing time was 1 hour, 7 minutes and 29 seconds. Major events: Turn 1: tromix the lawful human Priest entered the dungeon 706: attained the rank of Acolyte (level 3) 1415: entered the Gnomish Mines 2309: attained the rank of Adept (level 6) 3059: reached Mine Town 3647: killed by a pony Vanquished creatures: a small mimic an imp 3 Mordor orcs a rock mole 5 gnome leaders a gnomish wizard a guardian naga hatchling 2 elf zombies a straw golem a giant ant a little dog a kitten a dwarf a kobold leader a kobold shaman a rabid rat 6 orc zombies 4 dwarf zombies 3 iguanas 3 acid blobs a coyote a large kobold a hobgoblin a giant rat a yellow mold 24 gnomes 4 gnome zombies a gecko 5 jackals 3 goblins a sewer rat 11 grid bugs a bat a lichen 5 kobold zombies 6 newts 106 creatures vanquished. No species were genocided or became extinct. Voluntary challenges: You read items or engraved 4 times. You never engraved Elbereth. You never genocided any monsters. You never polymorphed an object. You never changed form. You used no wishes. Achievements: You entered a shop. You attained the rank of Acolyte. You entered the Gnomish Mines. You attained the rank of Adept. You entered Minetown. You entered a temple. The Dungeons of Doom: levels 1 to 5 Level 1: A fountain. Level 2: A fountain. Level 3: Some fountains. Stairs down to The Gnomish Mines. Level 4: A fountain. Level 5: Some fountains. The Gnomish Mines: levels 4 to 6 Level 4: Level 5: Level 6: <- You were here. A temple and an altar, many fountains. Final resting place for you, killed by a pony. Game over: ---------- / \ / REST \ / IN \ / PEACE \ / \ | tromix | | 120 Au | | killed by a pony | | | | | | | | 2024 | *| * * * | * _________)/\\_//(\/(/\)/\//\/|_)_______ Goodbye tromix the Priest... You died in The Gnomish Mines on dungeon level 6 with 2954 points, and 120 pieces of gold, after 3647 moves. You were level 7 with a maximum of 68 hit points when you died.